Map: Triton LE

Players

Serral - Winner!

  • Race: Zerg Zerg
  • Spawn Location: 11:00

Cure

  • Race: Terran Terran
  • Spawn Location: 5:00

Event: IEM Katowice 2020

VOD

Have the link to the VOD?

Description

Time

  • Played on: Feb. 28, 2020, 11:53 a.m.
  • Length: 14:50

All games in this series

Show
View Real Time Build Order
Export as new Build Order

Serral Zerg - Winner!

Build Orders: Hatch First 

Get SALT Encoding   

  12  0:00  Drone  
  13  0:12  Overlord  
  13  0:16  Drone  
  14  0:30  Drone x2  
  16  0:47  Hatchery  
  15  0:50  Drone  
  15  0:54  Drone  
  17  0:57  Drone  
  18  1:08  Extractor  
  17  1:12  Spawning Pool  
  17  1:16  Drone  
  17  1:18  Drone  
  18  1:28  Drone  
  19  1:38  Drone  
  20  1:49  Overlord  
  20  1:59  Queen x2  
  20  2:00  Zergling x4  
  26  2:10  Drone x2  
  26  2:11  Metabolic Boost  
  28  2:20  Drone  
  28  2:21  Drone  
  30  2:35  Hatchery  
  29  2:41  Queen  
  31  2:46  Overlord  
  31  2:49  Drone  
  32  2:52  Drone  
  32  2:54  Drone  
  32  2:56  Drone  
  35  2:59  Drone  
  35  3:03  Pneumatized Carapace  
  36  3:11  Drone x3  
  39  3:13  Drone  
  39  3:17  Overlord  
  40  3:22  Queen  
  40  3:26  Drone  
  44  3:27  Drone  
  44  3:36  Overlord  
  44  3:40  Zergling x6  
  47  3:48  Drone  
  48  3:49  Drone x4  
  48  3:50  Queen  
  48  3:55  Overlord  
  54  3:58  Zergling x2  
  54  3:59  Drone x2  
  54  4:00  Drone  
  58  4:04  Queen  
  58  4:08  Overlord  
  58  4:09  Zergling x2  
  61  4:11  Drone  
  61  4:14  Drone x2  
  64  4:22  Zergling x2, Overlord  
  64  4:23  Drone  
  66  4:28  Drone  
  66  4:29  Drone  
  66  4:30  Lair  
  68  4:32  Extractor  
  68  4:33  Drone  
  68  4:34  Drone x2  
  68  4:38  Zergling x2, Spore Crawler  
  69  4:39  Spore Crawler  
  69  4:40  Zergling x2  
  69  4:43  Drone  
  69  4:44  Drone, Baneling Nest  
  71  4:47  Overlord  
  71  4:49  Drone  
  71  4:50  Drone x2  
  74  4:55  Zergling x2  
  74  4:56  Drone  
  74  4:57  Drone  
  74  4:59  Drone  
  78  5:01  Extractor  
  78  5:03  Zergling x2, Extractor  
  78  5:04  Drone x2  
  78  5:05  Drone  
  80  5:09  Zergling x2  
  80  5:10  Drone  
  80  5:12  Drone  
  80  5:13  Drone x2  
  85  5:17  Drone  
  85  5:18  Drone  
  85  5:20  Drone x3  
  90  5:28  Overlord x2  
  90  5:35  Overlord  
  88  5:37  Drone x3  
  88  5:40  Spore Crawler, Drone  
  87  5:43  Centrifical Hooks  
  87  5:45  Evolution Chamber  
  87  5:46  Evolution Chamber  
  87  5:49  Overlord  
  86  5:50  Overlord  
  86  5:51  Drone, Extractor  
  86  5:54  Overlord  
  86  5:59  Zergling x2  
  86  6:00  Zergling x12, Overseer  
  86  6:01  Hatchery  
  92  6:05  Drone x2  
  92  6:10  Drone  
  95  6:12  Zerg Melee Weapons Level 1, Zerg Ground Armor Level 1  
  95  6:13  Hydralisk Den  
  95  6:17  Drone x2  
  96  6:20  Overlord  
  96  6:21  Drone x4  
  96  6:22  Overlord  
  96  6:25  Drone x3  
  102  6:26  Zergling x4  
  102  6:27  Zergling x2  
  106  6:34  Baneling x11  
  106  6:37  Zergling x6  
  108  6:45  Muscular Augments  
  108  6:49  Zergling x14  
  108  6:50  Overseer  
  115  7:07  Overseer, Hydralisk x7  
  127  7:13  Drone  
  127  7:14  Queen  
  127  7:15  Hatchery, Drone  
  130  7:17  Drone  
  130  7:20  Overlord  
  131  7:23  Hydralisk x4  
  139  7:31  Hydralisk x3  
  145  7:43  Zergling x12  
  151  7:49  Zergling x12  
  150  7:52  Baneling x6  
  150  7:54  Drone  
  150  7:57  Grooved Spines  
  150  7:58  Zergling x4  
  153  8:01  Hatchery  
  150  8:06  Zergling x6  
  150  8:11  Zergling x4, Baneling x5  
  149  8:16  Zerg Melee Weapons Level 2  
  149  8:18  Zerg Ground Armor Level 2, Drone  
  149  8:19  Drone x2, Extractor  
  151  8:21  Drone  
  151  8:24  Overlord x5  
  151  8:28  Zergling x16  
  151  8:33  Zergling x4  
  161  8:38  Zergling x6  
  159  8:41  Overseer  
  159  8:42  Overseer  
  159  8:43  Overlord x2  
  159  8:47  Overlord  
  155  8:50  Zergling x8  
  155  8:55  Overseer  
  152  8:57  Hydralisk x3  
  152  8:58  Zergling x14  
  152  9:02  Baneling x4  
  165  9:03  Baneling x6  
  165  9:08  Zergling x6  
  162  9:12  Baneling x7  
  162  9:14  Zergling x8  
  166  9:21  Infestation Pit  
  166  9:22  Queen, Drone x3  
  166  9:24  Drone, Extractor  
  171  9:25  Drone x3  
  171  9:26  Zergling x2  
  171  9:27  Zergling x18  
  183  9:35  Zergling x8  
  183  9:37  Baneling x5  
  187  9:41  Zergling x4  
  187  9:42  Spore Crawler  
  188  9:50  Zergling x34  
  186  9:54  Baneling x4  
  186  9:56  Zergling x6  
  186  9:58  Hive  
  189  10:01  Drone  
  189  10:03  Baneling x14  
  189  10:06  Zergling x6  
  193  10:13  Zergling x16  
  191  10:20  Zergling x16  
  191  10:21  Zergling x2  
  199  10:28  Baneling x13  
  199  10:36  Overlord  
  199  10:39  Hatchery  
  199  10:42  Baneling x2  
  195  10:44  Zergling x10  
  198  10:54  Zergling x16  
  192  11:02  Zergling x2  
  192  11:03  Zergling x28  
  198  11:10  Hydralisk  
  198  11:11  Zergling x8, Hydralisk  
  183  11:13  Zerg Melee Weapons Level 3, Zerg Ground Armor Level 3  
  189  11:20  Viper x2  
  189  11:21  Overlord  
  189  11:23  Baneling x9  
  195  11:28  Zergling x12  
  196  11:33  Zergling x2  
  196  11:34  Zergling x6  
  196  11:38  Baneling x8  
  196  11:39  Overlord, Overseer  
  199  11:42  Spine Crawler  
  199  11:43  Drone x2, Extractor  
  199  11:44  Spore Crawler, Drone  
  199  11:47  Baneling x4  
  199  11:54  Zergling x16  
  196  12:01  Baneling x10  
  196  12:13  Zergling x16  
  196  12:14  Zergling x14  
  184  12:24  Hydralisk x3  
  184  12:25  Zergling x18  
  184  12:28  Hatchery  
  198  12:36  Ultralisk Cavern  
  197  12:37  Baneling  
  197  12:38  Baneling x7  
  196  12:46  Baneling  
  196  12:47  Zergling x2, Baneling x4  
  196  12:48  Zergling x4  
  198  13:04  Zergling x2  
  198  13:05  Zergling x40  
  199  13:07  Zergling x10  
  199  13:08  Zergling x2  
  194  13:20  Baneling x10  
  194  13:21  Zergling x12  
  194  13:24  Chitinous Plating  
  200  13:29  Baneling x8  
  199  13:39  Zergling x28  
  178  13:44  Zergling x22  
  178  13:45  Zergling x12  
  178  13:47  Zergling x2  
  178  13:48  Zergling x6  
  181  13:50  Overseer x2  
  181  13:51  Overseer x2  
  181  13:55  Zergling x16  
  176  13:59  Zergling x6  
  176  14:02  Viper x2  
  174  14:05  Drone x4  
  174  14:06  Baneling x2  
  174  14:08  Baneling x16  
  184  14:14  Baneling x7  
  178  14:32  Zergling x12  
Show
View Real Time Build Order
Export as new Build Order

Cure Terran 

Build Orders: Hellion Opening, Liberator Opening, Reaper Expand 

Get SALT Encoding   

  12  0:00  SCV  
  13  0:13  SCV  
  14  0:17  Supply Depot  
  14  0:25  SCV  
  15  0:38  SCV  
  15  0:39  Barracks  
  15  0:42  Refinery  
  16  0:50  SCV  
  17  1:03  SCV  
  18  1:15  SCV  
  19  1:26  Reaper  
  19  1:27  Orbital Command  
  20  1:38  Command Center  
  20  1:46  Supply Depot  
  20  1:52  SCV  
  21  1:58  Marine  
  22  2:04  SCV  
  23  2:09  Factory  
  23  2:17  SCV  
  23  2:18  Refinery  
  23  2:19  Barracks Reactor  
  24  2:29  SCV  
  25  2:41  SCV  
  26  2:49  Orbital Command  
  26  2:53  SCV  
  26  2:56  Starport  
  27  3:00  Hellion x2  
  27  3:03  Marine  
  27  3:05  SCV  
  33  3:13  Supply Depot  
  33  3:16  SCV  
  33  3:17  SCV  
  35  3:22  Hellion x2  
  39  3:27  Barracks Tech Lab  
  39  3:28  SCV  
  39  3:29  SCV  
  39  3:32  Viking  
  43  3:39  Supply Depot  
  43  3:40  SCV  
  44  3:41  SCV  
  45  3:49  Hellion x2  
  45  3:50  Barracks Tech Lab  
  45  3:53  SCV x2  
  51  4:01  Liberator  
  51  4:02  Supply Depot  
  54  4:05  SCV x2  
  56  4:17  SCV  
  56  4:18  SCV  
  56  4:19  Hellion x2  
  62  4:27  Command Center  
  62  4:30  SCV x2  
  64  4:34  Stimpack, Marine  
  65  4:39  Supply Depot  
  65  4:44  SCV x2  
  67  4:46  Factory Reactor  
  67  4:50  Starport Reactor  
  67  4:52  Marine, Barracks x2  
  68  4:56  SCV  
  68  4:57  SCV  
  70  5:08  Engineering Bay x2  
  70  5:09  SCV x2, Supply Depot  
  72  5:15  Marine  
  72  5:21  SCV x2  
  75  5:22  Refinery  
  75  5:23  Refinery  
  75  5:33  SCV x2  
  71  5:40  Marine x2  
  71  5:41  Marine  
  71  5:42  Medivac x2, Orbital Command  
  67  5:45  SCV x2  
  67  5:46  Marine  
  67  5:47  Marine, Siege Tank  
  71  5:52  Terran Infantry Weapons Level 1, Terran Infantry Armor Level 1  
  71  5:59  Marine x2  
  71  6:00  Marine  
  71  6:02  SCV  
  71  6:03  SCV  
  76  6:04  Marine x2  
  76  6:07  Orbital Command  
  78  6:14  Combat Shield  
  78  6:15  Barracks  
  78  6:16  Barracks  
  78  6:17  Marine x3  
  81  6:19  Widow Mine  
  81  6:23  SCV x2  
  81  6:24  Marine x2  
  87  6:30  Medivac x2  
  91  6:33  SCV  
  91  6:35  Marine x2  
  94  6:42  Factory  
  94  6:43  SCV x2, Armory  
  94  6:45  SCV  
  94  6:47  Marine x3  
  97  6:52  Marine  
  101  6:54  Supply Depot  
  101  6:57  Supply Depot  
  101  7:01  Supply Depot  
  101  7:07  Barracks Reactor x2  
  101  7:15  SCV, Medivac x2, Marine x3  
  101  7:18  Marine x2  
  101  7:19  SCV x2, Widow Mine  
  101  7:20  Supply Depot  
  115  7:23  Refinery x2  
  115  7:24  Supply Depot  
  115  7:27  SCV  
  116  7:31  SCV x2  
  116  7:32  Factory Reactor, Drilling Claws  
  116  7:36  Marine  
  116  7:37  Marine x4  
  123  7:49  Marine x4  
  123  7:50  Siege Tank  
  128  7:51  Terran Infantry Weapons Level 2  
  128  7:54  SCV x3, Marine x3  
  128  7:56  Supply Depot  
  128  7:57  Supply Depot  
  134  8:02  Terran Infantry Armor Level 2  
  134  8:11  Marine x6  
  134  8:14  SCV x3  
  134  8:15  Terran Vehicle And Ship Armor Level 1  
  134  8:16  Widow Mine x2  
  141  8:20  Supply Depot  
  141  8:23  Supply Depot  
  141  8:31  Marine x4  
  145  8:34  Siege Tank  
  145  8:37  Widow Mine  
  145  8:38  Widow Mine  
  145  8:40  Marine x4  
  156  8:52  Marine x5  
  147  8:58  Marine  
  147  9:00  Command Center  
  148  9:08  Marine x3  
  148  9:09  Marine x3  
  151  9:11  Widow Mine x2, Siege Tank  
  151  9:13  Marine x2  
  151  9:16  Marine  
  164  9:23  Medivac  
  164  9:24  Medivac  
  166  9:26  Marine x3  
  166  9:27  Marine x2  
  166  9:31  Marine x2  
  171  9:37  Barracks x2  
  171  9:38  Barracks  
  173  9:39  Supply Depot  
  173  9:41  Supply Depot  
  173  9:42  Supply Depot  
  173  9:46  Marine  
  173  9:47  Marine  
  159  9:55  Marine x6  
  159  9:58  Widow Mine x2, Siege Tank  
  162  10:15  Marauder, Marine x6  
  162  10:18  SCV x3  
  162  10:21  Sensor Tower  
  173  10:25  Terran Infantry Weapons Level 3, Terran Infantry Armor Level 3  
  170  10:29  Barracks Tech Lab x2  
  170  10:30  Barracks Tech Lab  
  170  10:38  Marauder  
  172  10:47  Marauder, Marine x4  
  172  10:48  Marauder  
  172  10:49  SCV x3  
  172  10:58  Marine x4  
  172  10:59  Marauder  
  172  11:00  Marauder  
  172  11:01  Supply Depot  
  168  11:09  Marauder  
  168  11:10  SCV x3  
  160  11:12  Marauder, Marine x3  
  160  11:13  Planetary Fortress  
  160  11:14  Widow Mine  
  160  11:15  Widow Mine x2  
  169  11:21  Marauder  
  169  11:22  SCV  
  169  11:23  SCV x2  
  169  11:24  Supply Depot x3, Sensor Tower  
  173  11:36  Widow Mine x3  
  174  11:43  Terran Vehicle And Ship Armor Level 2  
  174  11:52  Sensor Tower  
  174  11:53  Command Center  
  173  11:57  Widow Mine x3  
  173  11:58  Marauder x2, Marine x3  
  173  11:59  Marauder  
  182  12:09  Marine x4  
  182  12:10  Marauder  
  169  12:19  Widow Mine x3  
  169  12:20  Marauder x2  
  179  12:23  Sensor Tower  
  179  12:29  Marine  
  181  12:30  Marauder, Marine x3  
  181  12:31  Marauder  
  187  12:40  Widow Mine x3  
  187  12:41  Medivac, Marauder x2  
  199  13:00  Marine  
  186  13:08  Marine x2  
  186  13:09  Marauder x3, Marine x4  
  186  13:10  Widow Mine x3  
  182  13:14  Concussive Shells  
  182  13:19  Medivac x2  
  186  13:21  Marauder, Marine x2  
  186  13:23  Sensor Tower  
  186  13:24  Starport  
  186  13:25  Ghost Academy  
  186  13:26  Marine  
  191  13:27  Fusion Core  
  191  13:28  Marine x4  
  195  13:35  Marine  
  195  13:37  Marauder x2, Widow Mine x2  
  195  13:38  Marauder, Widow Mine  
  195  13:39  Marine x2  
  169  13:43  Marauder  
  169  13:44  Marine  
  169  13:46  Marine x4  
  141  13:49  Medivac  
  141  13:53  Marine  
  121  13:57  Marine x2  
  121  13:58  Marauder  
  121  13:59  Marauder x2, Widow Mine  
  121  14:01  Widow Mine  
  121  14:02  Command Center, Widow Mine, Marine  
  136  14:04  Marauder, Marine x3  
  136  14:05  Medivac x2  
  145  14:19  Marauder  
  145  14:20  Widow Mine  
  145  14:25  Marauder x2, Marine x4  

Tags
 
Add a new tag
Caveats
  • Supply blocks, unpowered buildings, or Contaminate may cause inaccurate times.
  • Supply counts are checked every 10 seconds.